 Dungeon Crawl Stone Soup version 0.32-a0-361-g289a535 (webtiles) character file.

Game seed: 16560829322526995111

10744 danspanner the Covert (level 11, -10/47 HPs)
             Began as a Spriggan Conjurer on Feb 18, 2024.
             Was an Elder of Vehumet.
             Mangled by an ice devil (21 damage)
             ... on level 1 of the Lair of Beasts.
             The game lasted 01:08:17 (13608 turns).

danspanner the Covert (Spriggan Conjurer)          Turns: 13608, Time: 01:08:18

Health: -10/47     AC:  7    Str:  3    XL:     11   Next: 40%
Magic:  9/24       EV: 22    Int: 24    God:    Vehumet [****..]
Gold:   1809       SH:  0    Dex: 14    Spells: 2/27 levels left

rFire   + . .        g - +2 dagger (elec)
rCold   . . .        (no shield)
rNeg    . . .        x - +2 robe {rF+}
rPois   .            (helmet restricted)
rElec   .            m - +2 cloak
rCorr   .            (gloves unavailable)
SInv    +            (boots unavailable)
Will    +....        (no amulet)
Stlth   +++++        i - ring of wizardry
HPRegen 0.27/turn    (no ring)
MPRegen 0.19/turn

%: wizardry (x1)
@: very quick
A: very small, no large weapons, unfitting armour, see invisible, speed 3
a: Renounce Religion


You were on level 1 of the Lair of Beasts.
You worshipped Vehumet.
Vehumet was greatly pleased with you.
You visited 2 branches of the dungeon, and saw 10 of its levels.
You also visited: Sewer and Ossuary.

You collected 1809 gold pieces.

Inventory:

Hand Weapons
 g - a +2 dagger of electrocution (weapon)
 q - a +4 dagger
Missiles
 r - 15 poisoned darts (quivered)
Armour
 m - a +2 cloak (worn)
 x - a +2 robe of fire resistance (worn)
Jewellery
 i - a ring of wizardry (left hand)
Wands
 c - a wand of roots (41)
 n - a wand of polymorph (6)
 A - a wand of paralysis (4)
Scrolls
 f - 3 scrolls of enchant armour
 p - 3 scrolls of teleportation
 t - a scroll of amnesia
 y - a scroll of enchant weapon {unknown}
 z - a scroll of poison {unknown}
Potions
 a - a potion of attraction {unknown}
 b - 2 potions of magic
 d - 6 potions of curing
 e - 4 potions of haste
 h - 3 potions of lignification
 j - 4 potions of heal wounds
 k - 3 potions of might
 l - 2 potions of cancellation
 s - a potion of invisibility {unknown}
 u - 2 potions of resistance
 v - 4 potions of enlightenment
 w - a potion of brilliance {unknown}


   Skills:
 + Level 9.7 Dodging
 + Level 11.3 Stealth
 + Level 8.9 Spellcasting
 + Level 6.2 Conjurations
 + Level 3.8 Fire Magic
 + Level 4.1 Air Magic
 + Level 5.7 Earth Magic
 + Level 7.0 Alchemy


You had 2 spell levels left.
You knew the following spells:

 Your Spells              Type           Power      Damage    Failure   Level
a - Magic Dart            Conj           100%       1d8       1%          1
b - Searing Ray           Conj           80%        2d7       1%          2
c - Fulminant Prism       Conj/Alch      21%        3d12      1%          4
d - Sandblast             Erth           76%        2d16      1%          1
e - Stone Arrow           Conj/Erth      78%        3d11      1%          3
f - Brom's Barrelling Bo  Conj/Erth      39%        2d6       1%          4
g - Plasma Beam           Fire/Air       14%        2x1d25    17%         6
h - Ignite Poison         Fire/Alch      36%        N/A       1%          4

Your spell library contained the following spells:

 Spells                   Type           Power      Damage    Failure   Level
 Foxfire                  Conj/Fire      100%       2x1d9     1%          1
 Cigotuvi's Dreadful Rot  Necr/Alch/Air  56%        N/A       1%          2
 Momentum Strike          Conj/Tloc      50%        3d9       1%          2
 Static Discharge         Conj/Air       70%        3-6/arc   1%          2
 Blink                    Tloc           20%        N/A       3%          2
 Ensorcelled Hibernation  Hex/Ice        20%        N/A       3%          2
 Lesser Beckoning         Tloc           20%        N/A       3%          2
 Dazzling Flash           Conj/Hex       50%        N/A       1%          3
 Passwall                 Erth           38%        N/A       1%          3
 Swiftness                Air            30%        N/A       1%          3
 Volatile Blastmotes      Fire/Tloc      38%        2d13      1%          3
 Airstrike                Air            15%        2d(3-19)  1%          4
 Iskenderun's Mystic Bla  Conj/Tloc      25%        2d7       1%          4
 Freezing Cloud           Conj/Ice/Air   13%        6-21      4%          5
 Summon Lightning Spire   Summ/Air       20%        N/A       11%         4
 Starburst                Conj/Fire      17%        6d6       12%         6
 Maxwell's Capacitive Co  Air            15%        ∞         99%         8


Dungeon Overview and Level Annotations

Branches:
Dungeon (9/15)             Temple (0/1) D:4            Lair (1/5) D:9
    Orc (0/2) D:9           Sewer (visited)         Ossuary (visited)

Altars:
Ashenzari
Elyvilon
Hepliaklqana
Kikubaaqudgha
Nemelex Xobeh
Okawaru
Qazlal
Ru
Sif Muna
Uskayaw
Vehumet
Xom
Yredelemnul

Portals:
Ice
Cave: Lair:1


Innate Abilities, Weirdness & Mutations

You are very small and have problems with some larger weapons.
You are too small for most types of armour.
You have supernaturally acute eyesight. (SInv)
You cover ground extremely quickly. (Speed+++)


Message History

A rime drake comes into view.
You open the door.
An ice devil comes into view.
Found a frozen archway.
The rime drake breathes ice at you. The icy flash freeze hits you!
You are encased in ice.
There is an open door here.
An ice devil comes into view.
Casting: Magic Dart (safe; 1% risk of failure)
Confirm with . or Enter, or press ? or * to list all spells.
Okay, then.
Unknown command.
Unknown command.
You close the door.
Casting: Magic Dart (safe; 1% risk of failure)
Confirm with . or Enter, or press ? or * to list all spells.
Aiming: Searing Ray (safe; 1% risk of failure)
Press: ? - help, Shift-Dir - straight line, f - ice devil
Aim: an ice devil (82% to hit)
The searing ray misses the ice devil. (Press . to maintain the ray.)
The ice encasing you melts away.
The searing ray hits the ice devil!
The ice devil is lightly wounded.
The searing ray hits the ice devil.
The ice devil is lightly wounded.
The searing ray hits the ice devil but does no damage.
The ice devil is lightly wounded.
The searing ray hits the ice devil.
The ice devil is lightly wounded.
The searing ray hits the ice devil but does no damage.
The ice devil is lightly wounded.
You finish channelling your searing ray.
The ice devil hits you! The ice devil freezes you!
The ice devil barely misses you.
You open the door. The ice devil hits you.
* * * LOW HITPOINT WARNING * * *
The ice devil freezes you!!
You die...

.... #.....
#...## ## #.k..#
#... #####...##
#....##.'......#
#∩....4@#.....#
#....##4+.#...#
#.. ####....# #
##...##
######.....#
...........#
..........##
..........#
...####...#


You could see 2 ice devils.

Vanquished Creatures
  2 two-headed ogres
  Pikel (D:9)
  An ugly thing (D:9)
  2 elephants (D:9)
  A black mamba (Lair:1)
  4 cane toads (Lair:1)
  Jeremiah (D:8)
  An unseen horror (D:7)
  A troll (D:9)
  A shadow (D:8)
  6 yaks
  3 steam dragons
  Duvessa (D:7)
  A sky beast (D:8)
  An orc warrior (D:9)
  3 black bears
  4 ogres
  A centaur (D:8)
  2 lemures (D:9)
  4 elf zombies (Ossuary)
  6 bullfrogs
  4 kobold brigands
  A scorpion (D:9)
  3 elf skeletons (D:5)
  5 wights (D:8)
  Dowan (D:7)
  A howler monkey (D:9)
  3 bombardier beetles
  5 human zombies
  A centaur zombie (Ossuary)
  A gnoll bouda (D:7)
  A spectral scorpion (Ossuary)
  7 orc priests
  3 hounds
  7 jellies
  4 iguanas
  A human skeleton (D:5)
  17 orc wizards
  A crocodile zombie (Ossuary)
  3 mummies (Ossuary)
  6 gnolls
  11 adders
  6 river rats
  A shadow imp (D:6)
  A white imp (D:5)
  2 ufetubi (D:5)
  2 dart slugs
  46 orcs
  12 ball pythons
  12 endoplasms
  7 giant cockroaches
  7 goblins
  7 hobgoblins
  4 jackals (D:1)
  30 kobolds
  4 quokkas
  2 bats (D:2)
  5 frilled lizards
  An orc skeleton (D:5)
  8 rats
290 creatures vanquished.

Vanquished Creatures (collateral kills)
  A boulder (D:9)
1 creature vanquished.

Vanquished Creatures (others)
  A human (D:4)
  4 boulders (D:9)
  26 fulminant prisms
31 creatures vanquished.

Grand Total: 322 creatures vanquished

Notes
Turn   | Place    | Note
-------+----------+-------------------------------------------
     0 | D:1      | danspanner the Spriggan Conjurer began the quest for the
                  | Orb.
     0 | D:1      | Reached XP level 1. HP: 9/9 MP: 5/5
   162 | D:1      | Reached XP level 2. HP: 13/13 MP: 2/7
   497 | D:1      | Learned a level 2 spell: Searing Ray
   523 | D:1      | Reached XP level 3. HP: 15/16 MP: 4/8
   755 | D:1      | Reached skill level 4 in Stealth
  1005 | D:2      | Reached XP level 4. HP: 21/21 MP: 1/10
  1164 | D:2      | Learned a level 4 spell: Fulminant Prism
  1166 | D:2      | Learned a level 1 spell: Sandblast
  1717 | D:3      | Reached XP level 5. HP: 20/24 MP: 2/11
  1718 | D:3      | Found a glowing drain.
  1792 | Sewer    | Entered a sewer
  1959 | Sewer    | Reached skill level 1 in Alchemy
  1970 | Sewer    | Reached skill level 5 in Stealth
  2000 | Sewer    | Reached skill level 1 in Earth Magic
  2239 | Sewer    | Reached XP level 6. HP: 28/28 MP: 7/13
  2282 | Sewer    | Found a viscous altar of Jiyva.
  3076 | D:4      | Found a shimmering altar of Xom.
  3077 | D:4      | Found a hazy altar of Hepliaklqana.
  3077 | D:4      | Noticed an unseen horror
  3078 | D:4      | Noticed a spectral ugly thing
  3078 | D:4      | Noticed an unseen horror
  3097 | D:4      | Found an ancient bone altar of Kikubaaqudgha.
  3103 | D:4      | Noticed a human
  3105 | D:4      | Killed a human
  3319 | D:4      | Found a staircase to the Ecumenical Temple.
  3436 | D:4      | Reached skill level 5 in Dodging
  3692 | D:4      | Reached XP level 7. HP: 22/32 MP: 11/15
  3696 | D:4      | Learned a level 3 spell: Stone Arrow
  3763 | D:4      | Identified the +0 ring mail of a wizard's laboratory
                  | {Rampage}
  3813 | D:4      | Reached skill level 6 in Stealth
  4015 | D:4      | Reached skill level 5 in Spellcasting
  4245 | D:4      | Found a stormy altar of Qazlal.
  4247 | D:4      | Found a broken altar of Ashenzari.
  4250 | D:4      | Found an iron altar of Okawaru.
  4251 | D:4      | Found a hide-covered altar of Uskayaw.
  4252 | D:4      | Found a radiant altar of Vehumet.
  4256 | D:4      | Became a worshipper of Vehumet
  4508 | D:5      | Entered Level 5 of the Dungeon
  4514 | D:5      | Learned a level 4 spell: Brom's Barrelling Boulder
  5140 | D:5      | Reached XP level 8. HP: 36/36 MP: 13/17
  5195 | D:5      | Reached skill level 7 in Stealth
  5219 | D:5      | Found a sand-covered staircase.
  5234 | Ossuary  | Entered an ossuary
  5564 | Ossuary  | Identified a scroll of acquirement
  5647 | Ossuary  | Reached * piety under Vehumet
  5647 | Ossuary  | Offered knowledge of Sting by Vehumet.
  5859 | Ossuary  | Reached skill level 8 in Stealth
  5966 | D:5      | Acquired 1173 gold pieces
  6533 | D:5      | Reached XP level 9. HP: 39/39 MP: 6/19
  6984 | D:5      | Learned a level 6 spell: Plasma Beam
  7055 | D:6      | Found a basalt altar of Yredelemnul.
  7162 | D:6      | Found a white marble altar of Elyvilon.
  7950 | D:6      | Found a sparkling altar of Nemelex Xobeh.
  8028 | D:6      | Reached skill level 5 in Conjurations
  8125 | D:7      | Noticed an unseen horror
  8132 | D:7      | Killed an unseen horror
  8133 | D:7      | Reached skill level 1 in Fire Magic
  8133 | D:7      | Reached skill level 1 in Air Magic
  8133 | D:7      | Reached skill level 5 in Alchemy
  8229 | D:7      | Reached skill level 9 in Stealth
  8321 | D:7      | Noticed Duvessa
  8323 | D:7      | Offered knowledge of Kiss of Death by Vehumet.
  8335 | D:7      | Killed Duvessa
  8474 | D:7      | Reached ** piety under Vehumet
  8700 | D:7      | Noticed Dowan
  8723 | D:7      | Killed Dowan
  9235 | D:7      | Noticed a boulder beetle
  9250 | D:7      | Identified the +1 ring mail of Sixzoff {^Drain rElec rCorr
                  | Dex+10}
  9257 | D:7      | Noticed a gargoyle
  9464 | D:8      | Noticed Jeremiah
  9626 | D:8      | Killed Jeremiah
  9627 | D:8      | Reached XP level 10. HP: 32/44 MP: 1/22
  9857 | D:8      | Offered knowledge of Inner Flame by Vehumet.
 10236 | D:8      | Reached skill level 10 in Stealth
 10657 | D:8      | Noticed a two-headed ogre
 10674 | D:8      | Killed a two-headed ogre
 10813 | D:8      | Reached skill level 5 in Earth Magic
 10826 | D:8      | Found a shimmering blue altar of Sif Muna.
 11241 | D:9      | Reached *** piety under Vehumet
 11366 | D:9      | Noticed an elephant
 11582 | D:9      | Noticed a purple ugly thing
 11600 | D:9      | Killed a purple ugly thing
 11756 | D:9      | Offered knowledge of Ignite Poison by Vehumet.
 11922 | D:9      | Noticed a two-headed ogre
 12044 | D:9      | Learned a level 4 spell: Ignite Poison
 12068 | D:9      | Found a sacrificial altar of Ru.
 12078 | D:9      | Noticed an elephant
 12149 | D:9      | Killed a two-headed ogre
 12264 | D:9      | Noticed Pikel
 12279 | D:9      | Killed Pikel
 12280 | D:9      | Reached XP level 11. HP: 47/47 MP: 15/24
 12343 | D:9      | Found a staircase to the Orcish Mines.
 12548 | D:9      | Found a staircase to the Lair.
 12690 | D:9      | Reached skill level 11 in Stealth
 13153 | Lair:1   | Entered Level 1 of the Lair of Beasts
 13445 | Lair:1   | Reached **** piety under Vehumet
 13601 | Lair:1   | Found a frozen archway.
 13608 | Lair:1   | Mangled by an ice devil

Illustrated notes

Levels and vault maps discovered:
D:1:      tarquinn_simple_flora_water_f, layout_basic,
          nicolae_houndstooth_variations
D:2:      layout_basic
D:3:      layout_loops_ring, mainiacjoe_sewer_entry_somewhere_in_here_2,
          minmay_fountain_box
D:4:      layout_cave_pools, regret_index_temple_of_mockery, tgw_kikubaaqudgha,
          minitemple, minmay_temple_entry_tees, nicolae_zen_rock_garden,
          grunt_ministairs_8, kennysheep_opposing_triangles
D:5:      layout_gridville, nicolae_ossuary_entry_catacombs
D:6:      layout_basic, kennysheep_ying_yang,
          mainiacjoe_overflow_six_doors_small
D:7:      layout_basic, kb_rosetta, uniq_duvessa
D:8:      layout_cave_pools, tgw_sif, uniq_jeremiah
D:9:      layout_basic, nicolae_ru_awakened_eye, grunt_lair_entry_orc_guard_hut,
          hiddenorc1_lemuel, minmay_misc_feat_nine_boxes, uniq_pikel
Lair:1:   dreamdust_cave_troll, layout_long_grid, portal_ice_cave_demonic_guard,
          chequers_serial_rivers_small_b, beast_lair_carwin_7, lemuel_fruit_tree

Skill      XL: |  1  2  3  4  5  6  7  8  9 10 11 |
---------------+----------------------------------+-----
Conjurations   | 3 4 5 6 |  6.2
Dodging        | 3 4 5 7 8 9 |  9.7
Spellcasting   | 3 4 5 6 7 8 |  8.9
Stealth        | 4 5 6 8 9 10 11 | 11.3
Alchemy        | 1 2 3 4 5 6 7 |  7.0
Earth Magic    | 1 2 3 4 5 |  5.7
Fire Magic     | 2 3 |  3.8
Air Magic      | 2 3 4 |  4.1

Action                     |  1- 3 |  4- 6 |  7- 9 | 10-12 || total
---------------------------+-------+-------+-------+-------++-------
  Melee: Short sword       |    52 |    14 |       |       ||    66
         Dagger            |       |    60 |    43 |    10 ||   113
  Throw: Dart              |       |       |       |    20 ||    20
   Cast: Magic Dart        |    35 |    26 |     9 |    13 ||    83
         Searing Ray       |     5 |    20 |    40 |    12 ||    77
         Sandblast         |       |    14 |    16 |       ||    30
         Stone Arrow       |       |       |    90 |    85 ||   175
         Fulminant Prism   |       |       |     5 |    21 ||    26
         Brom's Barrelling |       |       |       |     9 ||     9
         Ignite Poison     |       |       |       |     6 ||     6
  Evoke: Wand              |       |       |     1 |     2 ||     3
    Use: Scroll            |     4 |     4 |    13 |     4 ||    25
         Potion            |       |       |       |     2 ||     2
   Stab: Sleeping          |     4 |     9 |     8 |     2 ||    23
 Armour: Robe              |    19 |    34 |    41 |    26 ||   120
  Dodge: Dodged            |    52 |   100 |    76 |    38 ||   266

Table legend: (Time is in decaauts)
 A = Elapsed time spent in this place.
 B = Non-inter-level travel time spent in this place.
 C = Inter-level travel time spent in this place.
 D = Time resting spent in this place.
 E = Time spent auto-exploring this place.
 F = Levels seen in this place.
 G = Mean time per level.
                   A        B        C        D        E       F      G
               +--------+--------+--------+--------+--------+-----+--------+
         Total |  10950 |  10759 |    191 |   1759 |   6866 |  12 |  912.5 |
       Dungeon |   9454 |   9263 |    191 |   1125 |   6487 |   9 | 1050.4 |
          Lair |    316 |    316 |      0 |      7 |    113 |   1 |  316.0 |
         Sewer |    505 |    505 |      0 |    199 |    186 |   1 |  505.0 |
       Ossuary |    673 |    673 |      0 |    428 |     79 |   1 |  673.0 |
               +--------+--------+--------+--------+--------+-----+--------+

Top non-repeatable levels by time:
     D:5: 1455 daAuts
     D:7: 1436 daAuts
     D:9: 1383 daAuts
     D:8: 1290 daAuts
     D:4: 1130 daAuts
     D:6: 843 daAuts
     D:1: 675 daAuts
 Ossuary: 673 daAuts
     D:2: 629 daAuts
     D:3: 610 daAuts
   Sewer: 505 daAuts
  Lair:1: 316 daAuts
